 Dungeon Crawl Stone Soup version 0.30-a0-305-g026cb31310 (webtiles) character file.

Game seed: 9372210568492752093

510 Lanoc the Spear-Bearer (level 7, -13/55 HPs)
             Began as a Merfolk Gladiator on Oct 21, 2022.
             Was a Believer of Okawaru.
             Mangled by an ogre
             ... wielding a +0 giant spiked club
              (17 damage)
             ... on level 4 of the Dungeon.
             The game lasted 00:05:31 (2790 turns).

Lanoc the Spear-Bearer (Merfolk Gladiator)          Turns: 2790, Time: 00:05:31

Health: -13/55     AC:  5    Str: 17    XL:     7   Next: 19%
Magic:  0/7        EV: 14    Int:  7    God:    Okawaru [**....]
Gold:   264        SH:  0    Dex: 15    Spells: 6/6 levels left

rFire   . . .      SeeInvis .    a - +0 trident
rCold   . . .      Faith    .    (no shield)
rNeg    . . .      Spirit   +    b - +0 leather armour
rPois   .          Reflect  .    c - +0 helmet
rElec   .          Harm     .    (no cloak)
rCorr   .          Rampage  .    (no gloves)
Will    .....                    i - +0 pair of boots
Stlth   +.........               j - amulet of guardian spirit
HPRegen 0.29/turn                (no ring)
MPRegen 0.10/turn                (no ring)

@: no status effects
A: (nimble swimmer 2), mertail
a: Renounce Religion, Heroism


You were on level 4 of the Dungeon.
You worshipped Okawaru.
Okawaru was pleased with you.
You visited 1 branch of the dungeon, and saw 4 of its levels.

You collected 264 gold pieces.

Inventory:

Hand Weapons
 a - a +0 trident (weapon)
Missiles
 d - a throwing net (quivered)
 e - a javelin
Armour
 b - a +0 leather armour (worn)
 c - a +0 helmet (worn)
 i - a +0 pair of boots (worn)
Jewellery
 j - an amulet of guardian spirit (around neck)
Wands
 t - a wand of mindburst (2)
Scrolls
 f - 7 scrolls of enchant armour {unknown}
 g - 3 scrolls of identify {unknown}
 l - a scroll of vulnerability {unknown}
 m - a scroll of magic mapping {unknown}
 o - a scroll of blinking {unknown}
 q - a scroll of teleportation {unknown}
 r - 4 scrolls of noise {unknown}
 v - 2 scrolls of enchant weapon {unknown}
 x - a scroll of fog {unknown}
Potions
 h - a potion of cancellation {unknown}
 k - a potion of magic {unknown}
 n - 2 potions of curing {unknown}
 p - a potion of brilliance {unknown}
 s - a potion of degeneration {unknown}
 u - 2 potions of resistance
 w - 2 potions of attraction {unknown}
 z - a potion of heal wounds {unknown}
 A - a potion of flight {unknown}
 B - a potion of might {unknown}


   Skills:
 + Level 4.5 Fighting
 * Level 8.0 Polearms
 - Level 2.0 Throwing
 + Level 6.2 Dodging


You had 6 spell levels left.
You didn't know any spells.
Your spell library contained the following spells:

 Spells                   Type           Power      Damage    Failure   Level
 Apportation              Tloc           0%         N/A       50%         1
 Ozocubu's Armour         Ice            0%         N/A       86%         3
 Portal Projectile        Hex/Tloc       0%         N/A       86%         3
 Petrify                  Tmut/Erth      0%         N/A       99%         4
 Alistair's Intoxication  Tmut/Pois      0%         N/A       100%        5
 Blade Hands              Tmut           0%         N/A       100%        5
 Metabolic Englaciation   Hex/Ice        0%         N/A       100%        5
 Statue Form              Tmut/Erth      0%         N/A       100%        6
 Ozocubu's Refrigeration  Ice            0%         4d7       100%        7
 Tukima's Dance           Hex            Unusable   N/A       N/A         3

Dungeon Overview and Level Annotations

Branches:
Dungeon (4/15)
 Temple: D:4-7

Altars:
Nemelex Xobeh
Okawaru


Innate Abilities, Weirdness & Mutations

((You are very nimble when in or above water. (Stealth+, EV+, Speed+++)))
Your lower body shifts to a powerful aquatic tail in water.


Message History

Okawaru accepts your kill.
Found 4 large rocks and a long sword.
A ball python comes into view.
You barely miss the ball python. The ball python bites you.
The ball python grabs you. The ball python constricts you.
You puncture the ball python!
You kill the ball python!
No target in view!
Found a morningstar.
You now have 264 gold pieces (gained 14).
B - a bubbling pink potion An ogre comes into view.
It is wielding a +0 giant spiked club.
Found 13 gold pieces.
You reach to attack!
You closely miss the ogre. You closely miss the ogre.
The ogre barely misses you.
You hit the ogre.
The ogre is lightly wounded.
You hit the ogre.
The ogre is moderately wounded.
The ogre hits you with a +0 giant spiked club!!
You hit the ogre.
The ogre is heavily wounded.
The ogre misses you.
You barely miss the ogre.
The ogre is heavily wounded.
You puncture the ogre!
The ogre is severely wounded.
The ogre hits you with a +0 giant spiked club!
You are too injured to fight recklessly!
You are too injured to fight recklessly!
You hit the ogre but do no damage.
The ogre is severely wounded.
You hit the ogre.
The ogre is almost dead.
The ogre hits you with a +0 giant spiked club!!
* * * LOW HITPOINT WARNING * * *
You closely miss the ogre.
The ogre is almost dead.
The ogre hits you with a +0 giant spiked club!
You die...

... #...#........#.# ###.......#.
... ##..#........#.# #.)...#...
.. #.............# #.......#.
.#####...........### #.........
...).).#<#.......#######.....####
.####..#..............###....#
#....#............# #....#
##...#..........).# ######
#...#......@###### ##.##..>...O#
#....(.....# ...........#
......)....# ........$..#
..####### ..


You could see an ogre.

Vanquished Creatures
  3 ogres (D:4)
  A scorpion (D:4)
  A hound (D:4)
  An orc wizard (D:3)
  3 gnolls (D:2)
  4 adders
  A worm (D:4)
  3 dart slugs
  2 orcs
  8 ball pythons
  3 bats
  5 endoplasms
  5 giant cockroaches
  5 goblins
  6 hobgoblins
  A jackal (D:2)
  5 kobolds
  3 quokkas
  5 frilled lizards
  7 rats
72 creatures vanquished.

Notes
Turn   | Place    | Note
-------+----------+-------------------------------------------
     0 | D:1      | Lanoc the Merfolk Gladiator began the quest for the Orb.
     0 | D:1      | Reached XP level 1. HP: 16/16 MP: 1/1
    92 | D:1      | Found a faded altar of an unknown god.
   171 | D:1      | Prayed at the altar of an unknown god.
   171 | D:1      | Became a worshipper of Warmaster Okawaru
   171 | D:1      | Reached * piety under Okawaru
   208 | D:1      | Reached XP level 2. HP: 23/23 MP: 2/2
   342 | D:1      | Reached XP level 3. HP: 28/28 MP: 3/3
   581 | D:2      | Reached skill level 5 in Polearms
   590 | D:2      | Reached XP level 4. HP: 9/34 MP: 4/4
   766 | D:2      | Found a sparkling altar of Nemelex Xobeh.
  1410 | D:3      | Reached skill level 6 in Polearms
  1410 | D:3      | Reached skill level 5 in Dodging
  1410 | D:3      | Reached XP level 5. HP: 11/41 MP: 2/5
  2304 | D:4      | Noticed an ogre
  2333 | D:4      | Noticed an ogre
  2343 | D:4      | Killed an ogre
  2344 | D:4      | Reached XP level 6. HP: 48/48 MP: 6/6
  2450 | D:4      | Reached skill level 7 in Polearms
  2743 | D:4      | Reached ** piety under Okawaru
  2744 | D:4      | Reached skill level 8 in Polearms
  2744 | D:4      | Reached XP level 7. HP: 55/55 MP: 7/7
  2790 | D:4      | Mangled by an ogre

Illustrated notes

Levels and vault maps discovered:
D:1:      giann_bridges, layout_rooms, ebering_ecumenical_altar_petrified,
          chequers_big_river, chequers_serial_rivers_room_a
D:2:      layout_loops_ring, basic_altar, minmay_octomino_c4
D:3:      minmay_evil_eye, layout_basic
D:4:      layout_basic, serial_glass, glass_columns_a, glass_columns_c

Skill      XL: |  1  2  3  4  5  6 |
---------------+-------------------+-----
Polearms       | 5 6 8 |  8.0
Fighting       | 3 4 |  4.5
Dodging        | 5 6 |  6.2
Throwing       | |  2.0

Action                   |  1- 3 |  4- 6 |  7- 9 || total
-------------------------+-------+-------+-------++-------
Melee: Trident           |    74 |   173 |    14 ||   261
       Punch             |       |     2 |       ||     2
Throw: Throwing net      |     3 |       |       ||     3
       Javelin           |       |     1 |       ||     1
Armor: Leather armour    |    18 |    54 |     1 ||    73
Dodge: Dodged            |    54 |   107 |     2 ||   163

Table legend: (Time is in decaauts)
 A = Elapsed time spent in this place.
 B = Non-inter-level travel time spent in this place.
 C = Inter-level travel time spent in this place.
 D = Time resting spent in this place.
 E = Time spent auto-exploring this place.
 F = Levels seen in this place.
 G = Mean time per level.
                   A        B        C        D        E       F      G
               +--------+--------+--------+--------+--------+-----+--------+
         Total |   2767 |   2671 |     96 |      0 |   2162 |   4 |  691.8 |
       Dungeon |   2767 |   2671 |     96 |      0 |   2162 |   4 |  691.8 |
               +--------+--------+--------+--------+--------+-----+--------+

Top non-repeatable levels by time:
     D:3: 964 daAuts
     D:2: 813 daAuts
     D:1: 525 daAuts
     D:4: 464 daAuts
